BSA
IRVINE GANG GREEN @ KENILWORTH ACES
09/17/2029
 
TOP OF THE 1ST
Irvine Gang Green batting - Pitching for Kenilworth Aces : RHP José Martínez
Pitching: RHP José Martínez
Batting: LHB Tony Tavárez 0-0: Called Strike
0-1: Swinging Strike
0-2: Foul Ball, location: 2F
0-2: Ball
1-2: Ball
2-2: Strikes out swinging
Batting: LHB Francisco Cardenas 0-0: Foul Ball, location: 2F
0-1: Ball
1-1: Ball
2-1: Ball
3-1: Swinging Strike
3-2: Strikes out swinging
Batting: RHB Buck Jones 0-0: Ball
1-0: Ball
2-0: Fly out, F7 (Flyball, 78M)
Top of the 1st over - 0 runs, 0 hits, 0 errors, 0 left on base; Irvine 0 - Kenilworth 0
BOTTOM OF THE 1ST
Kenilworth Aces batting - Pitching for Irvine Gang Green : LHP Masutaro Koyama
Pitching: LHP Masutaro Koyama
Batting: LHB Barrett Waters 0-0: Foul Ball, location: 2F
0-1: Ball
1-1: TRIPLE (Line Drive, 8RXD)
Batting: LHB Roy Patrick 0-0: Fly out, F6 (Flyball, 6MD)
Batting: SHB Julián Madrid 0-0: Ball
1-0: Ball
2-0: Called Strike
2-1: Foul Ball, location: 2F
2-2: Foul Ball, location: 2F
2-2: Ball
3-2: DOUBLE (Flyball, 78D)
Barrett Waters scores
Batting: RHB Jorge Jiménez 0-0: Ball
1-0: Foul Ball, location: 2F
1-1: Ball
2-1: Fly out, F9 (Flyball, 9)
Batting: RHB Wilbert Rodgers 0-0: Ball
Wild Pitch!
Julián Madrid to third
1-0: Called Strike
1-1: Called Strike
1-2: Ball
2-2: Ball
3-2: Base on Balls
Batting: RHB Andrés Lara 0-0: Ball
1-0: Foul Ball, location: 2F
1-1: Foul Ball, location: 2F
1-2: Foul Ball, location: 2F
1-2: SINGLE (Groundball, 5D)
Julián Madrid scores
Wilbert Rodgers to second
Batting: RHB Taylor McFarland 0-0: Ball
1-0: Ground out 4-3 (Groundball, 4)
Bottom of the 1st over - 2 runs, 3 hits, 0 errors, 2 left on base; Irvine 0 - Kenilworth 2
TOP OF THE 2ND
Irvine Gang Green batting - Pitching for Kenilworth Aces : RHP José Martínez
Batting: LHB Víctor Quiñones 0-0: Ball
1-0: Called Strike
1-1: Called Strike
1-2: Ball
2-2: Ball
3-2: Foul Ball, location: 2F
3-2: Strikes out looking
Batting: LHB Leonardo Medina 0-0: Called Strike
0-1: Ball
1-1: Ground out 4-3 (Groundball, 4M)
Batting: RHB José Salazar 0-0: Swinging Strike
0-1: Foul Ball, location: 2F
0-2: SINGLE (Line Drive, 9S)
Batting: LHB Dave Gordon 0-0: Ball
1-0: Swinging Strike
1-1: Swinging Strike
1-2: Strikes out swinging
Top of the 2nd over - 0 runs, 1 hit, 0 errors, 1 left on base; Irvine 0 - Kenilworth 2
BOTTOM OF THE 2ND
Kenilworth Aces batting - Pitching for Irvine Gang Green : LHP Masutaro Koyama
Batting: RHB Gary Thomas 0-0: Called Strike
0-1: Ground out U3 (Groundball, 34)
Batting: LHB Pedro Díaz 0-0: Ball
1-0: Ball
2-0: Ball
3-0: Called Strike
3-1: Swinging Strike
3-2: Strikes out swinging
Batting: LHB Barrett Waters 0-0: Called Strike
0-1: Foul Ball, location: 2F
0-2: Ball
1-2: Fly out, F8 (Flyball, 89S)
Bottom of the 2nd over - 0 runs, 0 hits, 0 errors, 0 left on base; Irvine 0 - Kenilworth 2
TOP OF THE 3RD
Irvine Gang Green batting - Pitching for Kenilworth Aces : RHP José Martínez
Batting: RHB Ron Elazar 0-0: Foul Ball, location: 2F
0-1: Ball
1-1: Ball
2-1: Foul Ball, location: 2F
2-2: Foul Ball, location: 2F
2-2: Foul Ball, location: 2F
2-2: Ground out 5-3 (Groundball, 56)
Batting: SHB Carlos Córdova 0-0: Ball
1-0: Swinging Strike
1-1: Ground out U3 (Groundball, 3)
Batting: LHB Tony Tavárez 0-0: Ball
1-0: Ball
2-0: Called Strike
2-1: Ball
3-1: Ground out 6-3 (Groundball, 6)
Top of the 3rd over - 0 runs, 0 hits, 0 errors, 0 left on base; Irvine 0 - Kenilworth 2
BOTTOM OF THE 3RD
Kenilworth Aces batting - Pitching for Irvine Gang Green : LHP Masutaro Koyama
Batting: LHB Roy Patrick 0-0: Called Strike
0-1: Ball
1-1: Foul Ball, location: 2F
1-2: Strikes out swinging
Batting: SHB Julián Madrid 0-0: Fly out, F8 (Flyball, 8RM)
Batting: RHB Jorge Jiménez 0-0: Called Strike
0-1: Ball
1-1: Ground out 6-3 (Groundball, 6)
Bottom of the 3rd over - 0 runs, 0 hits, 0 errors, 0 left on base; Irvine 0 - Kenilworth 2
TOP OF THE 4TH
Irvine Gang Green batting - Pitching for Kenilworth Aces : RHP José Martínez
Batting: LHB Francisco Cardenas 0-0: Called Strike
0-1: Ball
1-1: Ball
2-1: Swinging Strike
2-2: Strikes out swinging
Batting: RHB Buck Jones 0-0: Called Strike
0-1: Foul Ball, location: 2F
0-2: Ball
1-2: Fly out, F8 (Flyball, 78D)
Batting: LHB Víctor Quiñones 0-0: Ball
1-0: Called Strike
1-1: Ball
2-1: Foul Ball, location: 2F
2-2: SINGLE (Groundball, 6MD)
Batting: LHB Leonardo Medina 0-0: Ground out 4-3 (Groundball, 4)
Top of the 4th over - 0 runs, 1 hit, 0 errors, 1 left on base; Irvine 0 - Kenilworth 2
BOTTOM OF THE 4TH
Kenilworth Aces batting - Pitching for Irvine Gang Green : LHP Masutaro Koyama
Batting: RHB Wilbert Rodgers 0-0: Called Strike
0-1: Ball
1-1: Foul Ball, location: 2F
1-2: SINGLE (Line Drive, 6MD)
Batting: RHB Andrés Lara 0-0: Ball
1-0: Ball
2-0: Called Strike
2-1: Ball
3-1: Fly out, F8 (Flyball, 8RS)
Batting: RHB Taylor McFarland 0-0: Ball
1-0: Ground out 3-1 (Groundball, 34S)
Wilbert Rodgers to second
Batting: RHB Gary Thomas 0-0: Foul Ball, location: 2F
0-1: Called Strike
0-2: Ball
1-2: Foul Ball, location: 2F
1-2: Ball
2-2: Ball
3-2: Base on Balls
Batting: LHB Pedro Díaz 0-0: Ball
1-0: Foul Ball, location: 2F
1-1: SINGLE (Groundball, 34D)
Wilbert Rodgers to third
Gary Thomas to second
Runner from 3rd tries for Home, throw and OUT!
Bottom of the 4th over - 0 runs, 2 hits, 0 errors, 2 left on base; Irvine 0 - Kenilworth 2
TOP OF THE 5TH
Irvine Gang Green batting - Pitching for Kenilworth Aces : RHP José Martínez
Batting: RHB José Salazar 0-0: Called Strike
0-1: Fly out, F9 (Line Drive, 9LS)
Batting: LHB Dave Gordon 0-0: Ball
1-0: Called Strike
1-1: Swinging Strike
1-2: Ball
2-2: Foul Ball, location: 2F
2-2: Foul Ball, location: 2F
2-2: Foul Ball, location: 2F
2-2: Strikes out swinging
Batting: RHB Ron Elazar 0-0: Called Strike
0-1: Ground out 6-3 (Groundball, 6)
Top of the 5th over - 0 runs, 0 hits, 0 errors, 0 left on base; Irvine 0 - Kenilworth 2
BOTTOM OF THE 5TH
Kenilworth Aces batting - Pitching for Irvine Gang Green : LHP Masutaro Koyama
Batting: LHB Barrett Waters 0-0: SINGLE (Line Drive, 89M)
Batting: LHB Roy Patrick 0-0: Ball
1-0: Swinging Strike
1-1: Ball
2-1: Ball
3-1: Foul Ball, location: 2F
3-2: Fly out, F6 (Popup, 6M)
Batting: SHB Julián Madrid 0-0: Called Strike
0-1: Foul Ball, location: 2F
0-2: Strikes out swinging
Batting: RHB Jorge Jiménez 0-0: Ball
1-0: Ball
2-0: SINGLE (Flyball, 8RS)
Barrett Waters to second
Runner from 2nd tries for 3rd, SAFE, no throw
Batting: RHB Wilbert Rodgers 0-0: Fielders Choice at 2nd, 5-4 (Groundball, 5L)
Bottom of the 5th over - 0 runs, 2 hits, 0 errors, 2 left on base; Irvine 0 - Kenilworth 2
TOP OF THE 6TH
Irvine Gang Green batting - Pitching for Kenilworth Aces : RHP José Martínez
Batting: SHB Carlos Córdova 0-0: Foul Ball, location: 2F
0-1: Ball
1-1: Foul Ball, location: 2F
1-2: Foul Ball, location: 2F
1-2: DOUBLE (Line Drive, 78D)
Batting: LHB Tony Tavárez 0-0: Fly out, F4 (Popup, 34D)
Batting: LHB Francisco Cardenas 0-0: Called Strike
0-1: SINGLE (Groundball, 3D)
Carlos Córdova to third
Runner from 3rd tries for Home, SAFE, no throw
Batting: RHB Buck Jones 0-0: Ball
1-0: Called Strike
1-1: Ball
2-1: Foul Ball, location: 2F
2-2: Foul Ball, location: 2F
2-2: Foul Ball, location: 2F
2-2: Ball
3-2: SINGLE (Groundball, 56D)
Francisco Cardenas to second
Batting: LHB Víctor Quiñones 0-0: Ball
1-0: Foul Ball, location: 2F
1-1: Foul Ball, location: 2F
1-2: Fly out, F8 (Flyball, 8LM)
Batting: LHB Leonardo Medina 0-0: Called Strike
0-1: Fielders Choice at 2nd, 4-6 (Groundball, 4MD)
Top of the 6th over - 1 run, 3 hits, 0 errors, 2 left on base; Irvine 1 - Kenilworth 2
BOTTOM OF THE 6TH
Kenilworth Aces batting - Pitching for Irvine Gang Green : LHP Masutaro Koyama
Batting: RHB Andrés Lara 0-0: Called Strike
0-1: SINGLE (Groundball, 4MD)
Batting: RHB Taylor McFarland 0-0: Called Strike
0-1: Ball
1-1: Ball
2-1: Ball
3-1: Called Strike
3-2: Foul Ball, location: 2F
3-2: Foul Ball, location: 2F
3-2: Strikes out looking
Batting: RHB Gary Thomas 0-0: Ball
Andrés Lara steals 2nd base
1-0: Intentional Walk
Batting: LHB Pedro Díaz 0-0: Ball
1-0: Ball
2-0: Ball
3-0: Called Strike
3-1: Called Strike
3-2: Base on Balls
Andrés Lara to third
Gary Thomas to second
Batting: LHB Barrett Waters 0-0: Called Strike
0-1: Called Strike
0-2: Ball
1-2: Ball
2-2: Strikes out swinging
Batting: LHB Roy Patrick 0-0: Called Strike
0-1: Ball
1-1: Swinging Strike
1-2: Ball
2-2: Ball
3-2: SINGLE (Groundball, 56D)
Andrés Lara scores
Gary Thomas to third
Pedro Díaz to second
Gary Thomas scores
Pedro Díaz to third
Pitching: RHP Jun Kawashima
Batting: SHB Julián Madrid 0-0: Foul Ball, location: 2F
0-1: Ball
1-1: Ball
2-1: SINGLE (Line Drive, 6MD)
Pedro Díaz scores
Roy Patrick to second
Batting: RHB Jorge Jiménez 0-0: Called Strike
0-1: Fly out, F9 (Line Drive, 9D)
Bottom of the 6th over - 3 runs, 3 hits, 0 errors, 2 left on base; Irvine 1 - Kenilworth 5
TOP OF THE 7TH
Irvine Gang Green batting - Pitching for Kenilworth Aces : RHP José Martínez
Pitching: RHP Scot MacIntosh
Batting: RHB José Salazar 0-0: Foul Ball, location: 2F
0-1: Ball
1-1: Ball
2-1: Foul Ball, location: 2F
2-2: Foul Ball, location: 2F
2-2: Foul Ball, location: 2F
2-2: Foul Ball, location: 2F
2-2: Ball
3-2: Foul Ball, location: 2F
3-2: Ground out 5-3 (Groundball, 56S)
Batting: LHB Dave Gordon 0-0: Ball
1-0: Fly out, F7 (Flyball, 7S)
Batting: RHB Ron Elazar 0-0: Swinging Strike
0-1: Swinging Strike
0-2: Strikes out swinging
Top of the 7th over - 0 runs, 0 hits, 0 errors, 0 left on base; Irvine 1 - Kenilworth 5
BOTTOM OF THE 7TH
Kenilworth Aces batting - Pitching for Irvine Gang Green : RHP Jun Kawashima
Batting: RHB Wilbert Rodgers 0-0: Ball
1-0: Swinging Strike
1-1: Foul Ball, location: 2F
1-2: Ball
2-2: Foul Ball, location: 2F
2-2: Ball
3-2: Base on Balls
Batting: RHB Andrés Lara 0-0: Sac Bunt - play at first, batter OUT! 1-3
Wilbert Rodgers to second
Batting: RHB Taylor McFarland 0-0: Intentional Walk
Batting: RHB Gary Thomas 0-0: Ball
1-0: Ball
2-0: Fly out, F7 (Flyball, 78S)
Pitching: LHP Yu-shu Kong
Batting: LHB Pedro Díaz 0-0: Foul Ball, location: 2F
0-1: Foul Ball, location: 2F
0-2: Ball
1-2: Strikes out swinging
Bottom of the 7th over - 0 runs, 0 hits, 0 errors, 2 left on base; Irvine 1 - Kenilworth 5
TOP OF THE 8TH
Irvine Gang Green batting - Pitching for Kenilworth Aces : RHP Scot MacIntosh
Batting: SHB Carlos Córdova 0-0: Ball
1-0: Called Strike
1-1: Foul Ball, location: 2F
1-2: Ball
2-2: Foul Ball, location: 2F
2-2: Ball
3-2: Foul Ball, location: 2F
3-2: Foul Ball, location: 2F
3-2: Fly out, F6 (Popup, 6M)
Batting: LHB Tony Tavárez 0-0: Swinging Strike
0-1: Ball
1-1: Called Strike
1-2: Strikes out swinging
Batting: LHB Francisco Cardenas 0-0: Ball
1-0: Called Strike
1-1: Foul Ball, location: 2F
1-2: Strikes out swinging
Top of the 8th over - 0 runs, 0 hits, 0 errors, 0 left on base; Irvine 1 - Kenilworth 5
BOTTOM OF THE 8TH
Kenilworth Aces batting - Pitching for Irvine Gang Green : LHP Yu-shu Kong
Batting: LHB Barrett Waters 0-0: Fly out, F6 (Line Drive, 6)
Batting: LHB Roy Patrick 0-0: Swinging Strike
0-1: Called Strike
0-2: Ball
1-2: Ball
2-2: Ball
3-2: Foul Ball, location: 2F
3-2: Foul Ball, location: 2F
3-2: Strikes out looking
Pitching: RHP Dae-hee Ch'oe
Batting: SHB Julián Madrid 0-0: Called Strike
0-1: Swinging Strike
0-2: Foul Ball, location: 2F
0-2: Ball
1-2: Strikes out looking
Bottom of the 8th over - 0 runs, 0 hits, 0 errors, 0 left on base; Irvine 1 - Kenilworth 5
TOP OF THE 9TH
Irvine Gang Green batting - Pitching for Kenilworth Aces : RHP Scot MacIntosh
Batting: RHB Buck Jones 0-0: Fly out, F9 (Flyball, 9D)
Batting: LHB Víctor Quiñones 0-0: Called Strike
0-1: Ball
1-1: Ball
2-1: Foul Ball, location: 2F
2-2: Strikes out swinging
Batting: LHB Leonardo Medina 0-0: Foul Ball, location: 2F
0-1: Ball
1-1: Ball
2-1: Foul Ball, location: 2F
2-2: Ball
3-2: Strikes out swinging
Top of the 9th over - 0 runs, 0 hits, 0 errors, 0 left on base; Irvine 1 - Kenilworth 5
Saturday, December 16th, 2017 - OOTP Baseball 18.8 Build 76